| TOP OF THE 1ST |
|
Augusta GreenJackets batting - Pitching for South Bend Cubs : RHP Scott Hanson
|
|
Pitching: RHP Scott Hanson
|
|
|
Batting: LHB Bruce Arvizu
|
0-0: SINGLE (Flyball, 4MD, EV 86.9 MPH)
|
|
Batting: RHB Armando Ramirez
|
0-0: SINGLE (Groundball, 4MD, EV 96.2 MPH) Bruce Arvizu to second Throwing error, E8 Bruce Arvizu scores Armando Ramirez to second
|
|
Batting: RHB Frank Pena
|
0-0: Swinging Strike 0-1: Ball 1-1: DOUBLE (Flyball, 8RXD, EV 97.5 MPH) Armando Ramirez scores
|
|
Batting: LHB Sam Ogg
|
0-0: Ball 1-0: Ball 2-0: Ball 3-0: Called Strike 3-1: Swinging Strike 3-2: Base on Balls
|
|
Batting: LHB Oscar Tamayo
|
0-0: SINGLE (Groundball, 3D, EV 98.1 MPH) Frank Pena to third Sam Ogg to second Runner from 3rd tries for Home, SAFE, throw by RF to home
|
|
Batting: RHB Jonathan Davis
|
0-0: SINGLE (Line Drive, 7S, EV 101.2 MPH) Sam Ogg to third Oscar Tamayo to second
|
|
Batting: RHB Justin Baldwin
|
0-0: Ball 1-0: Called Strike 1-1: Swinging Strike 1-2: DOUBLE (Flyball, 78D, EV 101.9 MPH) Sam Ogg scores Oscar Tamayo scores Jonathan Davis to third
|
|
Batting: LHB Gil Caraveo
|
0-0: Ball 1-0: Ball 2-0: SINGLE (Groundball, 4S, EV 70.6 MPH) (infield hit) Jonathan Davis scores Justin Baldwin to third
|
|
Pitching: RHP Steve Vint
|
|
|
Batting: RHB Gary Sampson
|
0-0: Called Strike 0-1: Ball 1-1: Ball 2-1: Fly out, F9 (Line Drive, 89M, EV 95.0 MPH)
|
|
Batting: LHB Bruce Arvizu
|
0-0: Foul Ball, location: 2F 0-1: Ball 1-1: Foul Ball, location: 2F 1-2: Fielders Choice at 2nd, 3-6 (Groundball, 3, EV 101.2 MPH) Justin Baldwin scores
|
|
Batting: RHB Armando Ramirez
|
0-0: Ball 1-0: Ball 2-0: Ball 3-0: Called Strike 3-1: Called Strike 3-2: Strikes out swinging
|
| Top of the 1st over - 7 runs, 7 hits, 1 error, 1 left on base; Augusta 7 - South Bend 0 |
| BOTTOM OF THE 1ST |
|
South Bend Cubs batting - Pitching for Augusta GreenJackets : RHP Eddie Rojo
|
|
Pitching: RHP Eddie Rojo
|
|
|
Batting: RHB Dan Orozco
|
0-0: Ball 1-0: Foul Ball, location: 2F 1-1: Ball 2-1: Foul Ball, location: 2F 2-2: Strikes out looking
|
|
Batting: RHB Adrian Cox
|
0-0: Ball 1-0: Ground out 5-3 (Groundball, 56S, EV 60.0 MPH)
|
|
Batting: RHB Erik Smith
|
0-0: Ball 1-0: Ground out 5-3 (Groundball, 56S, EV 70.0 MPH)
|
| Bottom of the 1st over - 0 runs, 0 hits, 0 errors, 0 left on base; Augusta 7 - South Bend 0 |
| TOP OF THE 2ND |
|
Augusta GreenJackets batting - Pitching for South Bend Cubs : RHP Steve Vint
|
|
Batting: RHB Frank Pena
|
0-0: Swinging Strike 0-1: Ball 1-1: SINGLE (Line Drive, 4D, EV 96.9 MPH)
|
|
Batting: LHB Sam Ogg
|
0-0: Called Strike 0-1: Foul Ball, location: 2F 0-2: Strikes out swinging
|
|
Pitching: RHP Melvin Orengo
|
|
|
Batting: LHB Oscar Tamayo
|
0-0: Foul Ball, location: 2F 0-1: Foul Ball, location: 2F 0-2: Ball 1-2: SINGLE (Groundball, 34D, EV 110.0 MPH) Frank Pena to second Runner from 2nd tries for 3rd, SAFE, throw by RF made to third
|
|
Batting: RHB Jonathan Davis
|
0-0: Fielders Choice at 2nd, 6-4 (Groundball, 6, EV 90.0 MPH) Frank Pena scores
|
|
Batting: RHB Justin Baldwin
|
0-0: Ball Wild Pitch! Jonathan Davis to second 1-0: Called Strike 1-1: Foul Ball, location: 2F 1-2: Ground out 5-3 (Groundball, 15, EV 87.5 MPH)
|
| Top of the 2nd over - 1 run, 2 hits, 0 errors, 1 left on base; Augusta 8 - South Bend 0 |
| BOTTOM OF THE 2ND |
|
South Bend Cubs batting - Pitching for Augusta GreenJackets : RHP Eddie Rojo
|
|
Batting: RHB Mike Stein
|
0-0: Called Strike 0-1: SINGLE (Flyball, 78S, EV 95.6 MPH)
|
|
Batting: RHB David Bousfield
|
0-0: Ball 1-0: Fly out, F9 (Line Drive, 9, EV 89.4 MPH)
|
|
Batting: RHB Mike Hill
|
0-0: Foul Ball, location: 2F 0-1: Swinging Strike 0-2: Strikes out swinging
|
|
Batting: RHB Victor Ramirez
|
0-0: Foul Ball, location: 2F 0-1: Swinging Strike 0-2: Ball 1-2: Ball 2-2: Foul Ball, location: 2F 2-2: Ball 3-2: Foul Ball, location: 2F 3-2: Ground out U3 (Groundball, 3S, EV 84.4 MPH)
|
| Bottom of the 2nd over - 0 runs, 1 hit, 0 errors, 1 left on base; Augusta 8 - South Bend 0 |
| TOP OF THE 3RD |
|
Augusta GreenJackets batting - Pitching for South Bend Cubs : RHP Melvin Orengo
|
|
Batting: LHB Gil Caraveo
|
0-0: Ball 1-0: Ball 2-0: Ball 3-0: Base on Balls
|
|
Batting: RHB Gary Sampson
|
0-0: Called Strike 0-1: DOUBLE (Flyball, 9LD, EV 100.6 MPH) Gil Caraveo to third
|
|
Batting: LHB Bruce Arvizu
|
0-0: Foul Ball, location: 2F 0-1: Ball 1-1: Foul Ball, location: 2F 1-2: DOUBLE (Groundball, 3L, EV 105.0 MPH) Gil Caraveo scores Gary Sampson scores
|
|
Pitching: RHP Angel Pesina
|
|
|
Batting: RHB Armando Ramirez
|
0-0: Ball 1-0: Called Strike 1-1: Foul Ball, location: 2F 1-2: Ball 2-2: Strikes out swinging
|
|
Batting: RHB Frank Pena
|
0-0: Called Strike 0-1: Ball 1-1: Swinging Strike 1-2: Strikes out swinging
|
|
Batting: LHB Sam Ogg
|
0-0: Ball 1-0: Foul Ball, location: 2F 1-1: Ball 2-1: Ball 3-1: Base on Balls
|
|
Batting: LHB Oscar Tamayo
|
0-0: Ball 1-0: Ball 2-0: Ball 3-0: Base on Balls Bruce Arvizu to third Sam Ogg to second
|
|
Pitching: LHP Dusty Blubaugh
|
|
|
Batting: RHB Jonathan Davis
|
0-0: Ball 1-0: Called Strike 1-1: SINGLE (Groundball, 4S, EV 70.6 MPH) (infield hit) Bruce Arvizu scores Sam Ogg to third Oscar Tamayo to second
|
|
Batting: RHB Justin Baldwin
|
0-0: Ball 1-0: Ball 2-0: Fielders Choice at 2nd, 5-4 (Groundball, 5, EV 83.1 MPH)
|
| Top of the 3rd over - 3 runs, 3 hits, 0 errors, 3 left on base; Augusta 11 - South Bend 0 |
| BOTTOM OF THE 3RD |
|
South Bend Cubs batting - Pitching for Augusta GreenJackets : RHP Eddie Rojo
|
|
Batting: RHB Josh Burns
|
0-0: Foul Ball, location: 2F 0-1: Foul Ball, location: 2F 0-2: Ball 1-2: Strikes out swinging
|
|
Batting: RHB Ryan Bush
|
0-0: Ball 1-0: Ball 2-0: Ball 3-0: Called Strike 3-1: Called Strike 3-2: Strikes out swinging
|
|
Batting: RHB Dan Orozco
|
0-0: Called Strike 0-1: Ball 1-1: Swinging Strike 1-2: Ball 2-2: Strikes out swinging
|
| Bottom of the 3rd over - 0 runs, 0 hits, 0 errors, 0 left on base; Augusta 11 - South Bend 0 |
| TOP OF THE 4TH |
|
Augusta GreenJackets batting - Pitching for South Bend Cubs : LHP Dusty Blubaugh
|
|
Batting: LHB Gil Caraveo
|
0-0: Called Strike 0-1: Swinging Strike 0-2: Ball 1-2: Reached on error, E2 (Groundball, 15S, EV 74.4 MPH)
|
|
Batting: RHB Gary Sampson
|
0-0: Ball 1-0: Called Strike 1-1: Swinging Strike 1-2: Ball 2-2: Ball 3-2: Fly out, F9 (Flyball, 89S, EV 76.9 MPH)
|
|
Batting: LHB Bruce Arvizu
|
0-0: Ball 1-0: Ball 2-0: Fielders Choice at 2nd, 3-6 (Groundball, 34S, EV 87.5 MPH)
|
|
Pitching: RHP Andrew Dopp
|
|
|
Batting: RHB Armando Ramirez
|
0-0: Ball 1-0: Foul Ball, location: 2F 1-1: Called Strike 1-2: Ball 2-2: Fielders Choice at 2nd, 6-4 (Groundball, 6, EV 102.5 MPH)
|
| Top of the 4th over - 0 runs, 0 hits, 1 error, 1 left on base; Augusta 11 - South Bend 0 |
| BOTTOM OF THE 4TH |
|
South Bend Cubs batting - Pitching for Augusta GreenJackets : RHP Eddie Rojo
|
|
Batting: RHB Adrian Cox
|
0-0: Ball 1-0: Foul Ball, location: 2F 1-1: Called Strike 1-2: Foul Ball, location: 2F 1-2: Ground out 6-3 (Groundball, 6, EV 100.6 MPH)
|
|
Batting: RHB Erik Smith
|
0-0: Called Strike 0-1: Called Strike 0-2: Ball 1-2: Strikes out swinging, 2-3 out at first.
|
|
Batting: RHB Mike Stein
|
0-0: Foul Ball, location: 2F 0-1: Ball 1-1: Foul Ball, location: 2F 1-2: SINGLE (Line Drive, 8LS, EV 91.2 MPH)
|
|
Batting: RHB David Bousfield
|
0-0: Foul Ball, location: 2F 0-1: Ball 1-1: Foul Ball, location: 2F 1-2: Strikes out swinging
|
| Bottom of the 4th over - 0 runs, 1 hit, 0 errors, 1 left on base; Augusta 11 - South Bend 0 |
| TOP OF THE 5TH |
|
Augusta GreenJackets batting - Pitching for South Bend Cubs : RHP Andrew Dopp
|
|
Batting: RHB Frank Pena
|
0-0: Ball 1-0: Foul Ball, location: 2F 1-1: Ball 2-1: Ball 3-1: SINGLE (Line Drive, 4M, EV 96.9 MPH)
|
|
Batting: LHB Sam Ogg
|
0-0: Ball 1-0: Foul Ball, location: 2F 1-1: SINGLE (Groundball, 56D, EV 103.1 MPH) Frank Pena to second
|
|
Batting: LHB Oscar Tamayo
|
0-0: Ball 1-0: Called Strike 1-1: Foul Ball, location: 2F 1-2: Ball 2-2: Reached on error, E4 (Groundball, 4, EV 87.5 MPH) Frank Pena to third Sam Ogg to second
|
|
Pitching: LHP Dave de Wolff
|
|
|
Batting: RHB Jonathan Davis
|
0-0: Called Strike 0-1: Foul Ball, location: 2F 0-2: Ball 1-2: Ball 2-2: Strikes out looking
|
|
Batting: RHB Justin Baldwin
|
0-0: Foul Ball, location: 2F 0-1: Called Strike 0-2: Foul Ball, location: 2F 0-2: Ball 1-2: SINGLE (Groundball, 6, EV 98.1 MPH) Frank Pena scores Sam Ogg to third Oscar Tamayo to second
|
|
Batting: LHB Gil Caraveo
|
0-0: Fielders Choice at 2nd, 4-6 (Groundball, 4S, EV 82.5 MPH) Sam Ogg scores Oscar Tamayo to third
|
|
Batting: RHB Gary Sampson
|
0-0: Ball 1-0: Ball 2-0: Swinging Strike 2-1: Called Strike 2-2: Foul Ball, location: 2F 2-2: Fielders Choice at 2nd, 5-4 (Groundball, 56, EV 109.4 MPH)
|
| Top of the 5th over - 2 runs, 3 hits, 1 error, 2 left on base; Augusta 13 - South Bend 0 |
| BOTTOM OF THE 5TH |
|
South Bend Cubs batting - Pitching for Augusta GreenJackets : RHP Eddie Rojo
|
|
Batting: RHB Mike Hill
|
0-0: Foul Ball, location: 2F 0-1: SINGLE (Flyball, 78S, EV 85.6 MPH)
|
|
Batting: RHB Victor Ramirez
|
0-0: Called Strike 0-1: Ball 1-1: Foul Ball, location: 2F 1-2: Strikes out swinging
|
|
Batting: RHB Josh Burns
|
0-0: Ball Mike Hill is caught stealing 2nd base 2-4 1-0: Foul Ball, location: 2F 1-1: Ball 2-1: Swinging Strike 2-2: DOUBLE (Flyball, 8LXD, EV 95.6 MPH)
|
|
Batting: RHB Ryan Bush
|
0-0: Ground out 5-3 (Groundball, 56S, EV 81.2 MPH)
|
| Bottom of the 5th over - 0 runs, 2 hits, 0 errors, 1 left on base; Augusta 13 - South Bend 0 |
| TOP OF THE 6TH |
|
Augusta GreenJackets batting - Pitching for South Bend Cubs : LHP Dave de Wolff
|
|
Batting: LHB Bruce Arvizu
|
0-0: Called Strike 0-1: Ball 1-1: Called Strike 1-2: Ball 2-2: Ball 3-2: Ground out 4-3 (Groundball, 4, EV 108.1 MPH)
|
|
Pitching: LHP Gilberto Alvarado
|
|
|
Batting: RHB Armando Ramirez
|
0-0: Ball 1-0: Called Strike 1-1: Swinging Strike 1-2: Strikes out swinging
|
|
Batting: RHB Frank Pena
|
0-0: Ball 1-0: Ball 2-0: Ball 3-0: Base on Balls
|
|
Batting: LHB Sam Ogg
|
0-0: Called Strike 0-1: Fly out, F7 (Flyball, 7, EV 76.9 MPH)
|
| Top of the 6th over - 0 runs, 0 hits, 0 errors, 1 left on base; Augusta 13 - South Bend 0 |
| BOTTOM OF THE 6TH |
|
South Bend Cubs batting - Pitching for Augusta GreenJackets : RHP Eddie Rojo
|
|
Batting: RHB Dan Orozco
|
0-0: Ball 1-0: Ball 2-0: Ball 3-0: Base on Balls
|
|
Batting: RHB Adrian Cox
|
0-0: Called Strike 0-1: Ball 1-1: Foul Ball, location: 2F 1-2: Ball Wild Pitch! Dan Orozco to second 2-2: Strikes out swinging
|
|
Batting: RHB Erik Smith
|
0-0: Called Strike Dan Orozco steals 3rd base 0-1: Ball 1-1: Called Strike 1-2: Strikes out swinging
|
|
Batting: RHB Mike Stein
|
0-0: Called Strike 0-1: Foul Ball, location: 2F 0-2: Strikes out swinging
|
| Bottom of the 6th over - 0 runs, 0 hits, 0 errors, 1 left on base; Augusta 13 - South Bend 0 |
| TOP OF THE 7TH |
|
Augusta GreenJackets batting - Pitching for South Bend Cubs : LHP Gilberto Alvarado
|
|
Batting: LHB Oscar Tamayo
|
0-0: Ball 1-0: Swinging Strike 1-1: Foul Ball, location: 2F 1-2: Ball 2-2: Ball 3-2: Foul Ball, location: 2F 3-2: Foul Ball, location: 2F 3-2: Base on Balls
|
|
Batting: RHB Jonathan Davis
|
0-0: Ball 1-0: SINGLE (Groundball, 56D, EV 95.0 MPH) Oscar Tamayo to second
|
|
Batting: RHB Justin Baldwin
|
0-0: Ball 1-0: Grounds into double play, 4-6-3 (Groundball, 4, EV 89.4 MPH) Oscar Tamayo to third
|
|
Batting: LHB Gil Caraveo
|
0-0: Ball 1-0: Ball 2-0: Ball 3-0: Base on Balls
|
|
Batting: RHB Gary Sampson
|
0-0: Called Strike 0-1: Ball 1-1: Swinging Strike 1-2: Ball 2-2: Ball 3-2: Base on Balls Gil Caraveo to second
|
|
Batting: LHB Bruce Arvizu
|
0-0: Foul Ball, location: 2F 0-1: Called Strike 0-2: Ball 1-2: Strikes out swinging
|
| Top of the 7th over - 0 runs, 1 hit, 0 errors, 3 left on base; Augusta 13 - South Bend 0 |
| BOTTOM OF THE 7TH |
|
South Bend Cubs batting - Pitching for Augusta GreenJackets : RHP Eddie Rojo
|
|
Batting: RHB David Bousfield
|
0-0: Foul Ball, location: 2F 0-1: Foul Ball, location: 2F 0-2: Foul Ball, location: 2F 0-2: Ball 1-2: Strikes out swinging
|
|
Batting: RHB Mike Hill
|
0-0: Called Strike 0-1: Ball 1-1: Ball 2-1: Ground out 1-3 (Groundball, 13S, EV 70.6 MPH)
|
|
Batting: RHB Victor Ramirez
|
0-0: Ground out 6-3 (Groundball, 6M, EV 80.6 MPH)
|
| Bottom of the 7th over - 0 runs, 0 hits, 0 errors, 0 left on base; Augusta 13 - South Bend 0 |
| TOP OF THE 8TH |
|
Augusta GreenJackets batting - Pitching for South Bend Cubs : LHP Gilberto Alvarado
|
|
Batting: RHB Armando Ramirez
|
0-0: SINGLE (Flyball, 89S, EV 100.0 MPH)
|
|
Batting: RHB Frank Pena
|
0-0: Ball 1-0: Called Strike 1-1: Ball 2-1: Foul Ball, location: 2F 2-2: Ball 3-2: Base on Balls Armando Ramirez to second
|
|
Batting: LHB Sam Ogg
|
0-0: Ball 1-0: Called Strike 1-1: Foul Ball, location: 2F 1-2: Foul Ball, location: 2F 1-2: Foul Ball, location: 2F 1-2: Foul Ball, location: 2F 1-2: Ball 2-2: Foul Ball, location: 2F 2-2: Foul Ball, location: 2F 2-2: Foul Ball, location: 2F 2-2: SINGLE (Line Drive, 78S, EV 111.9 MPH) Armando Ramirez to third Frank Pena to second
|
|
Batting: LHB Oscar Tamayo
|
0-0: Ball 1-0: Foul Ball, location: 2F 1-1: Foul Ball, location: 2F 1-2: Strikes out looking
|
|
Batting: RHB Jonathan Davis
|
0-0: Swinging Strike 0-1: Ball 1-1: Foul Ball, location: 2F 1-2: Ball 2-2: Foul Ball, location: 2F 2-2: Fly out, F7 (Flyball, 78D, EV 94.4 MPH) Runner from 3rd tags up, SCORES, no throw by LF
|
|
Batting: RHB Justin Baldwin
|
0-0: Ball 1-0: Ball 2-0: Foul Ball, location: 2F 2-1: Ball 3-1: Foul Ball, location: 2F 3-2: Base on Balls Frank Pena to third Sam Ogg to second
|
|
Batting: LHB Gil Caraveo
|
0-0: Ball 1-0: Foul Ball, location: 2F 1-1: Ball 2-1: Fly out, F9 (Line Drive, 89S, EV 93.8 MPH)
|
| Top of the 8th over - 1 run, 2 hits, 0 errors, 3 left on base; Augusta 14 - South Bend 0 |
| BOTTOM OF THE 8TH |
|
South Bend Cubs batting - Pitching for Augusta GreenJackets : RHP Eddie Rojo
|
|
Batting: RHB Josh Burns
|
0-0: Ball 1-0: Ball 2-0: Swinging Strike 2-1: Foul Ball, location: 2F 2-2: Foul Ball, location: 2F 2-2: Strikes out swinging
|
|
Batting: RHB Ryan Bush
|
0-0: Called Strike 0-1: Called Strike 0-2: Foul Ball, location: 2F 0-2: DOUBLE (Flyball, 78D, EV 94.4 MPH)
|
|
Pitching: LHP Kevin Drew
|
|
|
Batting: RHB Dan Orozco
|
0-0: Ball Wild Pitch! Ryan Bush to third 1-0: Ball 2-0: Swinging Strike 2-1: Swinging Strike 2-2: Strikes out swinging
|
|
Batting: RHB Adrian Cox
|
0-0: Called Strike 0-1: Swinging Strike 0-2: Ball 1-2: Strikes out looking
|
| Bottom of the 8th over - 0 runs, 1 hit, 0 errors, 1 left on base; Augusta 14 - South Bend 0 |
| TOP OF THE 9TH |
|
Augusta GreenJackets batting - Pitching for South Bend Cubs : LHP Gilberto Alvarado
|
|
Batting: RHB Gary Sampson
|
0-0: Foul Ball, location: 2F 0-1: Swinging Strike 0-2: Strikes out looking
|
|
Batting: LHB Bruce Arvizu
|
0-0: Ball 1-0: Ball 2-0: Ball 3-0: Called Strike 3-1: Base on Balls
|
|
Batting: RHB Armando Ramirez
|
0-0: Ball 1-0: DOUBLE (Line Drive, 9LS, EV 95.0 MPH) Bruce Arvizu to third
|
|
Batting: RHB Frank Pena
|
0-0: Called Strike 0-1: Swinging Strike 0-2: Ball 1-2: Ball 2-2: Foul Ball, location: 2F 2-2: Fly out, F9 (Flyball, 9LS, EV 80.6 MPH)
|
|
Batting: LHB Sam Ogg
|
0-0: Ball 1-0: Ball 2-0: Ball 3-0: Base on Balls
|
|
Batting: LHB Oscar Tamayo
|
0-0: Ball 1-0: Called Strike 1-1: Foul Ball, location: 2F 1-2: Foul Ball, location: 2F 1-2: Fly out, F8 (Flyball, 8RD, EV 75.0 MPH)
|
| Top of the 9th over - 0 runs, 1 hit, 0 errors, 3 left on base; Augusta 14 - South Bend 0 |
| BOTTOM OF THE 9TH |
|
South Bend Cubs batting - Pitching for Augusta GreenJackets : LHP Kevin Drew
|
|
Batting: RHB Erik Smith
|
0-0: Ball 1-0: Called Strike 1-1: Called Strike 1-2: Strikes out looking
|
|
Batting: RHB Mike Stein
|
0-0: Ball 1-0: Ball 2-0: Foul Ball, location: 2F 2-1: SINGLE (Line Drive, 8RS, EV 101.2 MPH)
|
|
Batting: RHB David Bousfield
|
0-0: Called Strike 0-1: Ball 1-1: Ball 2-1: Called Strike 2-2: Fly out, F8 (Flyball, 8LD, EV 98.1 MPH)
|
|
Batting: RHB Mike Hill
|
0-0: Called Strike 0-1: Ball 1-1: Foul Ball, location: 2F 1-2: Strikes out looking
|
| Bottom of the 9th over - 0 runs, 1 hit, 0 errors, 1 left on base; Augusta 14 - South Bend 0 |
|